AoeStats
← RCL Belier

Arena

507786057Analyzed
1v1 RM · 12d ago on Sep 19, 2026· 36m 53s· 2 players
Game mode
Random Map
Map size
Tiny (2 player)
Population
200
Speed
Normal
Resources
Standard
Victory
Conquest
Starting age
Dark Age
Ending age
Imperial Age
RankedLock teamsTeams togetherTeam positionsShared explorationLock speedFull tech treeHidden civsTurbo modeCheats
Victory
Defeat
🇦🇷 Byzantines · Argentina
1081
+14
🇫🇷 Malians · France
1033
-14
RCL Belier
10:30 Feudal Age
14:34 Castle Age
12:36 Horse Collar
12:54 Double-Bit Axe
17:05 Stone Mining
17:57 Horse Collar
21:04 Wheelbarrow
20:19 Town Watch
20:58 Loom
21:05 Loom
22:08 Gold Mining
22:57 Forging
26:25 Bow Saw
29:13 Imperial Age
27:45 Hand Cart
28:11 Heavy Plow
28:08 Fletching
30:22 Conscription
31:27 Chemistry
31:58 Crop Rotation
33:18 Ballistics
33:01 Scale Mail Armor
33:37 Iron Casting
34:21 Stone Shaft Mining
34:21 Gold Shaft Mining
37:13 Farimba
Zalata
10:42 Feudal Age
14:48 Castle Age
13:09 Double-Bit Axe
16:09 Bow Saw
18:26 Loom
22:50 Wheelbarrow
23:50 Horse Collar
27:38 Imperial Age
25:45 Scale Mail Armor
25:58 Forging
25:37 Pikeman
26:36 Squires
27:54 Hand Cart
27:37 Fletching
28:17 Bodkin Arrow
29:02 Conscription
28:09 Crossbowman
28:54 Padded Archer Armor
29:29 Bracer
30:17 Gold Mining
30:46 Leather Archer Armor
31:19 Heavy Plow
33:11 Ballistics
33:51 Chemistry
32:35 Arbalester
34:45 Thumb Ring
Connection lost

Rejoining the realm…

Still unreachable

The connection could not be restored.

Session expired

The server has moved on; the page needs a fresh start.